Map: Polka LE

Players

Sphere

  • Race: Zerg Zerg
  • Spawn Location: 5:00

kesha

  • Race: Zerg Zerg
  • Spawn Location: 5:00

qqq - Winner!

  • Race: Zerg Zerg
  • Spawn Location: 11:00

Massa - Winner!

  • Race: Terran Terran
  • League: Platinum
  • Spawn Location: 11:00

VOD

Have the link to the VOD?

Description

Time

  • Played on: Nov. 7, 2020, 9:41 a.m.
  • Length: 24:38
Show
View Real Time Build Order
Export as new Build Order

Sphere Zerg 

Build Orders: Hatch First 

Get SALT Encoding   

  12  0:00  Drone  
  13  0:13  Overlord  
  13  0:17  Drone  
  14  0:31  Drone x2  
  16  0:52  Drone  
  16  0:53  Hatchery  
  16  0:55  Drone  
  17  1:00  Drone  
  18  1:07  Extractor  
  17  1:14  Spawning Pool  
  17  1:16  Drone  
  17  1:24  Drone  
  18  1:33  Drone  
  19  1:40  Overlord  
  19  1:52  Drone  
  20  2:00  Queen  
  22  2:07  Queen  
  24  2:08  Zergling x4  
  24  2:12  Metabolic Boost  
  26  2:16  Drone x2  
  28  2:30  Drone x2  
  30  2:38  Hatchery  
  29  2:46  Queen  
  29  2:47  Drone  
  32  2:53  Drone  
  32  2:54  Drone, Evolution Chamber  
  32  2:57  Drone  
  34  3:02  Overlord  
  35  3:20  Zergling x8  
  35  3:22  Zerg Melee Weapons Level 1  
  38  3:29  Zergling x2  
  38  3:30  Zergling x2  
  40  3:40  Zergling x4  
  41  3:50  Zergling x10  
  41  3:51  Zergling x2  
  47  3:59  Overlord  
  47  4:02  Zergling x2  
  48  4:03  Zergling x4  
  50  4:11  Queen  
  47  4:18  Zergling x6  
  47  4:19  Zergling x6  
  53  4:28  Drone x4  
  53  4:30  Lair, Overlord  
  57  4:44  Drone  
  57  4:58  Drone  
  57  4:59  Drone x8  
  66  5:01  Overlord  
  66  5:05  Extractor  
  65  5:07  Extractor  
  65  5:08  Extractor  
  65  5:13  Drone x3  
  66  5:14  Spine Crawler  
  66  5:16  Overlord x2  
  65  5:26  Zergling x6  
  68  5:37  Spire  
  67  5:54  Drone  
  67  5:55  Drone x8  
  76  6:10  Zerg Melee Weapons Level 2  
  76  6:15  Queen  
  76  6:17  Extractor  
  77  6:18  Extractor  
  77  6:23  Drone x10  
  77  6:24  Drone x2  
  77  6:25  Spore Crawler  
  87  6:27  Queen  
  87  6:30  Spore Crawler  
  87  6:32  Spore Crawler  
  87  6:41  Spine Crawler  
  86  6:50  Drone x3  
  86  6:51  Drone  
  86  6:52  Overlord x3  
  90  6:59  Overlord x2  
  90  7:00  Overlord x2  
  90  7:04  Overlord x3  
  71  7:21  Mutalisk x6  
  83  7:30  Mutalisk x3  
  87  7:42  Mutalisk x3, Zerg Flyer Weapons Level 1  
  89  7:53  Overseer  
  89  7:55  Drone x2  
  89  7:56  Drone x5  
  89  7:57  Mutalisk x2  
  100  8:05  Mutalisk  
  100  8:11  Mutalisk  
  104  8:18  Drone  
  104  8:19  Zergling x20  
  115  8:23  Mutalisk x2  
  119  8:35  Mutalisk x2  
  123  8:43  Mutalisk  
  123  8:45  Hatchery  
  124  8:50  Mutalisk  
  124  8:53  Zergling x2  
  124  8:54  Zergling x16  
  135  8:59  Baneling Nest  
  135  9:00  Spine Crawler  
  135  9:02  Zerg Ground Armor Level 1  
  133  9:07  Infestation Pit  
  132  9:16  Mutalisk x2  
  135  9:29  Mutalisk x2  
  139  9:39  Zerg Flyer Weapons Level 2  
  139  9:53  Mutalisk, Corruptor  
  139  9:59  Drone x2  
  145  10:00  Drone x10  
  145  10:05  Corruptor  
  149  10:12  Drone x2  
  149  10:13  Drone x2, Mutalisk  
  151  10:15  Overlord x2  
  149  10:28  Zergling x2  
  149  10:29  Zergling x10  
  145  10:36  Extractor  
  145  10:37  Extractor  
  145  10:38  Centrifical Hooks  
  145  10:41  Hive  
  143  10:47  Baneling x10  
  143  10:48  Corruptor  
  145  10:51  Zergling x2  
  145  10:52  Zergling x16  
  154  11:03  Spore Crawler  
  154  11:04  Drone, Spine Crawler  
  152  11:05  Drone x3, Mutalisk x3  
  152  11:07  Zergling x2  
  152  11:08  Zergling x8  
  167  11:13  Overseer x2  
  167  11:24  Overlord x3  
  167  11:32  Overlord x3  
  167  11:40  Overlord x3  
  166  11:48  Hatchery  
  166  11:51  Mutalisk x9  
  182  12:00  Mutalisk  
  183  12:05  Zergling x8  
  186  12:13  Ultralisk Cavern  
  186  12:15  Adrenal Glands  
  185  12:40  Zergling x24  
  185  12:42  Drone x3  
  185  12:43  Extractor  
  199  12:44  Baneling  
  199  12:45  Extractor, Baneling x11  
  199  12:46  Hatchery  
  199  12:48  Zergling x6  
  199  12:50  Overlord x3  
  199  12:51  Overlord  
  200  13:07  Zerg Flyer Weapons Level 3  
  200  13:08  Chitinous Plating  
  200  13:11  Zerg Melee Weapons Level 3  
  196  13:46  Evolution Chamber  
  192  13:49  Hydralisk Den  
  190  13:55  Ultralisk x3  
  190  13:56  Ultralisk  
  190  13:59  Zergling x10  
  198  14:27  Anabolic Synthesis  
  193  14:34  Zergling x12  
  193  14:35  Zergling x6  
  186  14:55  Baneling  
  186  14:56  Baneling x15  
  186  15:05  Drone  
  186  15:06  Drone x12  
  195  15:36  Spine Crawler, Spore Crawler  
  195  15:39  Spore Crawler  
  195  15:40  Spine Crawler x2, Spore Crawler  
  195  15:41  Drone x6, Spore Crawler  
  195  15:42  Drone x3  
  197  15:48  Overlord  
  197  15:49  Overlord  
  197  15:52  Zerg Missile Weapons Level 1, Zerg Ground Armor Level 2  
  197  15:55  Muscular Augments  
  197  15:58  Hatchery  
  197  16:02  Lurker Den  
  193  16:12  Pneumatized Carapace  
  193  16:13  Overseer  
  193  16:14  Overseer  
  193  16:15  Overseer  
  193  16:28  Zerg Flyer Armor Level 1  
  181  16:40  Corruptor x3  
  181  16:41  Corruptor x3  
  193  16:50  Ultralisk  
  199  17:06  Grooved Spines  
  169  17:52  Corruptor x3  
  152  18:03  Zergling x2  
  152  18:04  Zergling x36  
  126  18:30  Corruptor  
  126  18:31  Corruptor x7  
  106  18:36  Corruptor  
  94  18:42  Corruptor x7  
  94  18:43  Corruptor x4  
  102  18:55  Corruptor x2  
  94  18:56  Corruptor x3  
  104  19:08  Corruptor x3  
  103  19:12  Greater Spire  
  79  19:24  Corruptor x2  
  79  19:25  Corruptor  
  79  19:26  Ultralisk x2  
  89  19:32  Hatchery, Corruptor  
  89  19:33  Corruptor x2  
  89  19:36  Hatchery  
  77  19:38  Corruptor  
  77  19:39  Corruptor  
  77  19:44  Corruptor  
  77  19:51  Corruptor  
  62  19:56  Corruptor  
  62  19:58  Corruptor  
  62  20:10  Corruptor x2  
  51  20:28  Corruptor x2  
  17  22:19  Hatchery  
Show
View Real Time Build Order
Export as new Build Order

kesha Zerg 

Build Orders: Hatch First, Lurkers 

Get SALT Encoding   

  12  0:00  Drone  
  13  0:12  Overlord  
  13  0:23  Drone  
  14  0:31  Drone x2  
  14  0:35  Drone  
  17  0:55  Hatchery  
  17  0:56  Drone  
  17  0:59  Drone  
  18  1:04  Extractor  
  18  1:07  Drone  
  18  1:18  Drone  
  18  1:24  Spawning Pool  
  18  1:30  Drone  
  19  1:39  Drone  
  20  1:51  Drone  
  21  2:00  Drone  
  22  2:09  Extractor  
  21  2:16  Roach Warren  
  21  2:19  Drone x2  
  21  2:20  Drone  
  21  2:21  Queen  
  21  2:22  Queen  
  27  2:27  Drone  
  28  2:30  Overlord  
  28  2:57  Roach x4  
  36  3:22  Overlord x3  
  36  3:23  Overlord  
  36  3:52  Roach x3  
  36  3:53  Roach x4  
  50  3:58  Roach  
  50  3:59  Roach x3  
  58  4:08  Roach x2  
  58  4:17  Roach  
  58  4:21  Roach  
  62  4:35  Drone  
  62  4:36  Drone  
  64  4:43  Roach x2  
  68  4:56  Overlord  
  68  4:57  Overlord x3  
  68  5:15  Ravager x5  
  73  5:26  Roach x2  
  61  5:55  Ravager x2  
  63  5:59  Drone x2  
  63  6:00  Drone x4  
  63  6:02  Drone x5  
  74  6:19  Extractor  
  70  6:32  Lair  
  70  6:34  Spore Crawler  
  70  6:37  Spore Crawler  
  68  7:03  Roach  
  68  7:04  Roach x6  
  79  7:34  Extractor  
  78  7:45  Overlord  
  78  7:46  Overlord x3  
  78  7:50  Spore Crawler  
  77  7:53  Spore Crawler  
  76  7:59  Roach x5  
  55  8:45  Roach x2  
  55  8:46  Roach x4  
  67  8:54  Hydralisk Den  
  66  8:57  Drone x2  
  66  8:58  Evolution Chamber  
  66  9:00  Evolution Chamber  
  63  9:04  Ravager x5  
  61  9:18  Roach x3  
  61  9:19  Roach  
  69  9:57  Hatchery, Zerg Missile Weapons Level 1  
  69  9:58  Hydralisk x4, Zerg Ground Armor Level 1  
  69  9:59  Hydralisk x2  
  80  10:33  Hydralisk x2  
  80  10:34  Hydralisk x4  
  92  10:40  Hatchery  
  91  11:10  Hydralisk x2  
  91  11:11  Hydralisk x6  
  107  11:23  Infestation Pit  
  106  11:36  Zergling x12  
  106  11:37  Lurker Den  
  111  11:47  Overseer  
  111  11:48  Overseer x2  
  111  12:25  Hydralisk x6  
  111  12:26  Hydralisk x2  
  111  12:27  Drone  
  111  12:28  Drone x3  
  131  12:34  Metabolic Boost  
  131  12:39  Zergling x8  
  135  13:11  Grooved Spines, Baneling Nest  
  134  13:13  Hive  
  134  13:14  Roach  
  134  13:17  Overlord x4  
  134  13:41  Hydralisk x6  
  134  13:58  Lurker x4  
  134  13:59  Lurker  
  134  14:00  Lurker  
  120  14:16  Hydralisk x10  
  110  14:31  Lurker x2  
  92  14:39  Drone x5  
  92  14:43  Lurker x2  
  99  14:47  Drone  
  99  14:49  Drone  
  102  14:52  Drone  
  102  15:17  Drone x6  
  102  15:18  Drone x4  
  102  15:20  Extractor  
  111  15:23  Extractor  
  111  15:24  Overseer x2  
  111  15:27  Drone  
  111  15:29  Drone  
  112  15:47  Drone  
  112  15:48  Drone x8  
  121  15:52  Extractor  
  121  15:53  Extractor  
  121  15:55  Drone x2  
  121  15:56  Drone  
  122  15:59  Drone  
  122  16:01  Drone  
  122  16:02  Drone  
  123  16:21  Hydralisk  
  123  16:22  Hydralisk x4  
  123  16:23  Hydralisk x2  
  135  16:30  Seismic Spines  
  135  16:32  Muscular Augments  
  135  16:36  Zerg Missile Weapons Level 2  
  135  17:00  Hatchery, Drone x2  
  136  17:02  Hatchery, Drone  
  136  17:03  Hatchery, Drone  
  136  17:05  Drone  
  137  17:16  Lurker x5  
  137  17:17  Lurker x2  
  144  17:24  Overlord x3  
  133  18:07  Hydralisk x6  
  133  18:08  Hydralisk x6  
  152  18:31  Infestor  
  152  18:33  Roach x7  
  152  18:34  Roach x3  
  174  18:38  Lurker x3  
  153  18:41  Hydralisk x3  
  153  18:42  Hydralisk  
  123  18:59  Lurker x2  
  123  19:00  Lurker x3  
  123  19:01  Lurker  
  123  19:02  Lurker  
  130  19:23  Zergling x2  
  130  19:24  Zergling x40  
  142  19:29  Zerg Ground Armor Level 2, Zerg Missile Weapons Level 3  
  142  20:08  Hydralisk  
  142  20:09  Hydralisk x15  
  174  20:17  Baneling x6  
  174  20:18  Baneling  
  174  20:19  Baneling  
  174  20:20  Zergling x10  
  119  21:06  Spore Crawler x2  
  119  21:07  Spore Crawler x2  
  119  21:09  Zergling x2  
  119  21:11  Zergling x10  
  116  21:12  Zergling x30  
  132  21:29  Viper x5  
  73  22:51  Drone x3  
  73  22:52  Drone x17  
  92  22:59  Drone  
  93  23:07  Viper x3  
  80  23:50  Drone x6  
  80  23:51  Drone x4  
  54  24:09  Zergling x16  
  55  24:10  Zergling x18  
Show
View Real Time Build Order
Export as new Build Order

qqq Zerg - Winner!

Build Orders: Hatch First 

Get SALT Encoding   

  12  0:00  Drone  
  13  0:09  Drone  
  14  0:40  Hatchery  
  13  0:44  Drone  
  14  0:57  Spawning Pool  
  13  1:05  Overlord  
  13  1:09  Drone  
  14  1:19  Overlord  
  14  1:23  Extractor  
  14  1:25  Drone  
  14  1:30  Drone  
  15  1:38  Drone  
  16  1:53  Drone  
  17  1:55  Drone  
  18  2:04  Extractor  
  18  2:11  Drone  
  18  2:15  Drone  
  20  2:16  Queen  
  20  2:18  Queen  
  20  2:22  Drone  
  25  2:29  Metabolic Boost  
  25  2:38  Spine Crawler  
  25  2:40  Zergling x2  
  25  2:45  Zergling x2  
  27  2:52  Spine Crawler  
  27  2:53  Drone, Zergling x2  
  27  2:54  Zergling x2  
  29  3:03  Drone  
  29  3:04  Zergling x2  
  31  3:06  Zergling x2  
  32  3:17  Zergling x2  
  32  3:18  Zergling x4  
  35  3:27  Lair  
  35  3:28  Zergling x2  
  35  3:29  Overlord  
  36  3:41  Overlord x2  
  36  3:53  Zergling x2  
  36  3:55  Drone x4  
  41  4:03  Zergling x2  
  41  4:04  Drone  
  38  4:17  Drone  
  38  4:19  Extractor  
  38  4:21  Extractor  
  38  4:22  Drone x2  
  38  4:24  Extractor  
  38  4:27  Drone  
  38  4:29  Drone, Spine Crawler  
  38  4:30  Spine Crawler  
  37  4:42  Spire  
  32  4:53  Drone x5  
  32  4:56  Drone  
  32  4:57  Drone, Zergling x2  
  40  5:11  Drone x2  
  40  5:12  Zergling x2  
  43  5:14  Drone  
  43  5:15  Drone  
  45  5:22  Spine Crawler  
  45  5:25  Spine Crawler  
  45  5:27  Drone x2  
  45  5:28  Drone  
  46  5:29  Drone  
  47  5:47  Spine Crawler  
  45  6:01  Mutalisk x5  
  45  6:04  Drone, Overlord  
  55  6:05  Drone x3  
  57  6:19  Drone  
  57  6:20  Drone x3  
  57  6:21  Mutalisk  
  62  6:32  Mutalisk  
  62  6:36  Zerg Flyer Weapons Level 1  
  64  6:45  Hatchery  
  63  6:54  Mutalisk  
  63  6:55  Mutalisk  
  63  6:56  Overlord x2  
  63  6:57  Overlord  
  65  7:21  Mutalisk x2  
  65  7:22  Mutalisk  
  68  7:38  Drone  
  68  7:39  Drone x2  
  68  7:41  Hatchery, Mutalisk  
  68  7:42  Mutalisk  
  74  7:51  Hatchery, Queen  
  75  8:01  Mutalisk x3  
  81  8:14  Mutalisk  
  81  8:18  Spore Crawler  
  81  8:19  Spore Crawler  
  81  8:21  Spore Crawler  
  78  8:38  Mutalisk, Zerg Flyer Armor Level 1  
  80  9:00  Hatchery  
  79  9:08  Mutalisk x2  
  79  9:09  Mutalisk x2  
  87  9:10  Overlord x6  
  87  9:17  Hatchery  
  87  9:21  Drone x2  
  80  9:34  Mutalisk x2  
  80  9:35  Drone  
  80  9:36  Drone  
  86  9:44  Queen  
  88  9:46  Spore Crawler  
  87  9:57  Mutalisk x3, Overlord  
  93  10:06  Drone x2  
  94  10:09  Spine Crawler  
  94  10:11  Drone  
  83  10:24  Drone x3, Spore Crawler  
  83  10:27  Queen  
  87  10:40  Mutalisk x4  
  87  10:41  Overlord  
  95  10:49  Infestation Pit  
  94  10:50  Drone  
  94  10:51  Drone x3, Spore Crawler  
  97  11:03  Mutalisk, Queen  
  103  11:08  Zerg Flyer Weapons Level 2  
  102  11:11  Drone x4  
  102  11:12  Drone x2  
  102  11:16  Spore Crawler  
  106  11:21  Mutalisk  
  108  11:28  Mutalisk  
  108  11:29  Drone x2  
  108  11:30  Drone x4  
  116  11:34  Extractor x2  
  116  11:36  Extractor, Spore Crawler  
  116  11:37  Extractor  
  116  11:39  Spine Crawler  
  110  11:43  Mutalisk x2  
  114  11:48  Drone  
  114  11:49  Drone x3  
  118  12:09  Mutalisk x2  
  118  12:11  Drone x7  
  121  12:37  Mutalisk x3  
  127  12:45  Hive  
  127  12:46  Overlord  
  127  12:47  Overlord x6  
  127  12:48  Drone x6  
  127  12:49  Drone x3  
  136  12:57  Extractor  
  135  12:59  Extractor, Spore Crawler  
  135  13:00  Drone x3  
  135  13:01  Spine Crawler, Spore Crawler  
  134  13:10  Mutalisk x2  
  134  13:11  Mutalisk x2  
  142  13:27  Mutalisk x3  
  142  13:28  Overlord x3  
  141  14:00  Drone x3  
  137  14:09  Zerg Flyer Armor Level 2  
  136  14:12  Viper x3  
  127  14:40  Mutalisk x2  
  127  14:41  Mutalisk x3  
  125  14:47  Drone x6, Mutalisk  
  133  14:55  Spine Crawler  
  132  15:00  Drone x2  
  132  15:01  Spine Crawler  
  132  15:04  Mutalisk x4  
  141  15:13  Mutalisk x2  
  145  15:15  Drone x2  
  147  15:38  Queen  
  147  15:41  Spine Crawler  
  148  15:43  Spine Crawler  
  148  15:45  Spine Crawler  
  148  15:48  Hatchery  
  145  15:56  Mutalisk x4  
  145  15:57  Mutalisk x2  
  149  15:58  Drone, Spore Crawler  
  149  15:59  Drone x7  
  149  16:00  Drone x2  
  149  16:02  Spore Crawler  
  165  16:13  Queen  
  159  16:41  Mutalisk x5  
  159  16:42  Mutalisk  
  159  16:43  Drone x6  
  159  16:44  Drone x2  
  159  16:45  Zerg Flyer Armor Level 3  
  179  16:51  Drone  
  180  17:12  Spore Crawler  
  180  17:13  Spore Crawler  
  180  17:14  Spore Crawler  
  177  17:16  Spore Crawler  
  177  17:17  Spine Crawler  
  177  17:19  Spine Crawler  
  174  17:23  Drone x5  
  174  17:24  Drone x4  
  174  17:29  Spore Crawler  
  182  17:32  Spore Crawler  
  175  18:00  Mutalisk x6  
  175  18:02  Drone x6  
  191  18:17  Mutalisk  
  191  18:18  Mutalisk  
  170  18:39  Viper x4  
  176  18:44  Drone x4  
  176  18:45  Drone x2  
  178  19:11  Mutalisk x3  
  178  19:12  Mutalisk x3  
  186  19:22  Mutalisk, Zerg Flyer Weapons Level 3  
  186  19:23  Mutalisk x6  
  176  20:08  Mutalisk x6  
  176  20:09  Mutalisk  
  184  20:33  Mutalisk x3  
  167  21:07  Hatchery  
  158  21:12  Mutalisk x2  
  158  21:13  Mutalisk x2  
  162  21:24  Hatchery  
  150  21:34  Mutalisk x3  
  152  22:05  Corruptor  
  152  22:06  Corruptor  
  152  22:07  Mutalisk  
  156  22:18  Mutalisk  
  142  23:04  Extractor  
  141  23:06  Drone x3  
  144  23:17  Drone x4  
  148  23:32  Drone  
  149  23:36  Spine Crawler x3  
  149  23:38  Spine Crawler x2  
  149  23:40  Spine Crawler  
  143  24:02  Mutalisk x3  
  143  24:03  Mutalisk x8  
  143  24:04  Mutalisk  
  143  24:05  Drone x2  
  143  24:06  Drone  
Show
View Real Time Build Order
Export as new Build Order

Massa Terran - Winner!

Build Orders:  

Get SALT Encoding   

  12  0:00  SCV  
  13  0:12  SCV  
  14  0:23  Supply Depot  
  14  0:24  SCV  
  15  0:29  Refinery  
  15  0:45  SCV, Barracks  
  16  0:57  SCV  
  17  1:09  SCV, Supply Depot  
  18  1:17  Refinery  
  18  1:21  SCV  
  19  1:33  SCV  
  19  1:37  Marine  
  21  1:48  Factory  
  21  1:53  Orbital Command  
  22  2:02  Reaper  
  22  2:22  SCV  
  23  2:27  Command Center  
  23  2:45  Hellion  
  23  2:49  Supply Depot  
  25  2:56  Starport  
  25  3:06  Barracks Reactor  
  25  3:07  Hellion  
  27  3:17  SCV  
  28  3:28  Widow Mine  
  28  3:29  SCV  
  28  3:31  Factory  
  24  3:59  Marine x2  
  24  4:01  Orbital Command  
  26  4:05  Medivac  
  26  4:06  SCV  
  26  4:09  Refinery  
  29  4:12  Refinery  
  29  4:17  Marine  
  29  4:18  SCV  
  29  4:19  Marine  
  32  4:27  Factory Tech Lab  
  32  4:30  SCV  
  33  4:35  Starport Tech Lab, Marine  
  33  4:37  Marine  
  35  4:43  SCV  
  36  4:52  Marine  
  36  4:55  SCV, Marine  
  36  4:56  Siege Tank  
  42  5:05  Banshee  
  45  5:10  Marine  
  45  5:12  Barracks, Marine  
  47  5:15  Barracks  
  47  5:20  Barracks  
  47  5:28  Marine, Siege Tank  
  50  5:30  Marine  
  51  5:51  Factory Tech Lab  
  51  6:16  Barracks Reactor, Barracks Tech Lab  
  51  6:17  Barracks Tech Lab  
  51  6:35  Supply Depot x2  
  51  6:36  Supply Depot  
  51  6:38  Supply Depot x2  
  51  6:40  Supply Depot  
  51  6:41  Supply Depot x2  
  51  6:51  Stimpack  
  51  6:56  Banshee, Marine x2, Siege Tank  
  59  7:14  Marine x2  
  59  7:23  Marauder  
  59  7:24  Marauder  
  59  7:31  SCV  
  59  7:32  Marine  
  61  7:45  Marauder x2  
  61  7:49  SCV  
  66  7:59  Medivac  
  68  8:09  Marauder x2, Marine x2  
  74  8:21  Combat Shield  
  74  8:31  Concussive Shells  
  68  8:46  Marine  
  68  8:47  Marauder, Marine x3  
  68  8:48  Marauder  
  76  8:54  Engineering Bay  
  76  8:58  Siege Tank  
  79  9:04  Marine  
  79  9:06  Supply Depot  
  80  9:19  Cloaking Field  
  80  9:25  Missile Turret  
  80  9:29  Supply Depot  
  80  9:38  Missile Turret  
  80  9:40  Missile Turret  
  80  9:45  Missile Turret  
  80  9:49  SCV  
  81  9:54  Supply Depot  
  81  9:57  Widow Mine x2  
  85  10:07  Missile Turret  
  85  10:08  SCV x2  
  87  10:20  SCV x2  
  89  10:24  Marine x2  
  89  10:25  Marine x3  
  89  10:26  Marauder  
  96  10:28  Missile Turret  
  96  10:40  Widow Mine x2  
  96  10:42  Marine  
  101  10:43  Terran Infantry Weapons Level 1  
  101  10:44  Marauder  
  103  10:50  Armory  
  103  10:56  Engineering Bay  
  103  11:00  SCV x2  
  103  11:01  Widow Mine  
  107  11:05  Marine x2  
  107  11:08  Command Center  
  111  11:11  Widow Mine  
  111  11:12  SCV  
  112  11:18  Marine  
  112  11:19  Marine  
  112  11:23  Widow Mine  
  110  12:17  Marauder  
  110  12:18  Marauder, Marine x4  
  110  12:21  Terran Infantry Armor Level 1  
  118  12:28  Orbital Command  
  118  12:30  Missile Turret  
  118  12:32  SCV x2  
  120  12:39  Marauder x2  
  120  12:41  Sensor Tower  
  120  12:42  Widow Mine x2  
  128  12:44  SCV x2  
  128  12:46  Medivac  
  132  12:54  Drilling Claws  
  132  12:56  SCV x3  
  135  13:00  Marauder  
  135  13:04  Widow Mine x2  
  141  13:08  SCV x3  
  140  13:20  SCV  
  140  13:21  Medivac  
  140  13:25  Widow Mine x2  
  143  13:29  Sensor Tower  
  143  13:46  Widow Mine  
  145  13:51  Medivac  
  124  14:21  Medivac  
  83  14:46  Marauder x2, Marine x4  
  83  14:49  Siege Tank x2  
  83  14:51  Medivac  
  99  15:01  SCV  
  99  15:02  SCV x2  
  99  15:04  Refinery, Marine x4  
  106  15:07  Marauder, Marine  
  106  15:13  SCV  
  106  15:14  SCV x2  
  112  15:21  Marine, Medivac, Siege Tank x2  
  114  15:22  Marine x3  
  114  15:25  Marauder  
  114  15:26  SCV  
  123  15:29  Marauder  
  123  15:32  Missile Turret  
  125  15:39  Terran Infantry Armor Level 2, Terran Infantry Weapons Level 2, Marine  
  125  15:40  Marine x3  
  129  15:46  Marine  
  130  15:50  Marauder  
  130  15:51  Medivac  
  130  15:52  Missile Turret  
  130  15:53  Siege Tank  
  137  15:57  Marine  
  137  16:01  Widow Mine  
  137  16:04  Marauder, Marine x3  
  140  16:05  Command Center  
  143  16:11  Marauder  
  143  16:14  Missile Turret  
  143  16:15  Marine  
  146  16:21  Medivac  
  146  16:22  Marine  
  149  16:37  Missile Turret  
  149  16:52  Supply Depot  
  149  16:53  Supply Depot  
  149  16:56  Supply Depot  
  149  16:59  Missile Turret  
  149  17:14  Widow Mine x2, SCV x3  
  156  17:17  Supply Depot  
  156  17:18  Supply Depot  
  156  17:19  Supply Depot  
  156  17:20  Missile Turret  
  156  17:24  Marauder x2, Marine x3  
  156  17:25  Marine  
  156  17:26  SCV  
  165  17:36  Widow Mine x2  
  169  17:42  Marine x4  
  173  17:45  Supply Depot x2  
  173  17:46  Marauder x2, Supply Depot  
  167  17:57  Widow Mine x2  
  157  18:00  Marine x2  
  157  18:03  Marine  
  157  18:05  Marine  
  155  18:07  Marauder x2  
  155  18:10  Supply Depot x2  
  155  18:12  Supply Depot  
  159  18:18  Widow Mine x2  
  159  18:29  Marauder x2  
  163  18:34  Supply Depot  
  163  18:50  Marauder x2  
  167  18:58  Marine  
  167  18:59  Marine x3  
  171  19:11  Marauder x2  
  171  19:16  Marine x3  
  177  19:17  Marine  
  177  19:33  Marauder x2  
  177  19:34  Marine  
  182  19:47  Marine x2  
  182  19:48  Marine  
  182  19:52  Marine  
  186  19:54  Marauder x2  
  190  20:05  Marine x3  
  190  20:10  Marine  
  188  20:15  Marauder  
  188  20:16  Marauder  
  176  20:32  Siege Tank  
  176  20:33  Siege Tank  
  161  20:37  Marauder  
  139  21:00  Orbital Command  
  139  21:04  Siege Tank  
  139  21:05  Siege Tank  
  145  21:36  Siege Tank  
  145  21:37  Siege Tank  
  151  22:08  Siege Tank  
  150  22:34  Siege Tank  
  150  22:35  Marauder, Marine  
  150  22:36  Marauder, Marine x3  
  161  22:40  Siege Tank  
  164  22:53  Marine  
  164  22:54  Marine x3  
  164  22:56  Marauder  
  164  22:57  Marauder, Command Center  
  172  23:06  Siege Tank  
  172  23:11  Marine  
  172  23:12  Marine x3  
  179  23:13  Siege Tank  
  179  23:15  Armory  
  179  23:17  Medivac  
  179  23:18  Marauder x2  
  188  23:21  Command Center  
  188  23:29  Marine x3  
  188  23:30  Marine  
  192  23:38  Siege Tank  
  192  23:39  Marauder  
  192  23:40  Marauder  
  177  23:47  Medivac  
  145  23:57  Marine x4  
  145  24:01  Marauder x2  
  134  24:15  Marine x4  
  138  24:23  Barracks  
  138  24:24  Barracks x2  
  144  24:25  Barracks  
Tags
 
Add a new tag
Caveats
  • Supply blocks, unpowered buildings, or Contaminate may cause inaccurate times.
  • Supply counts are checked every 10 seconds.